Maple Leafs vs Flyers
(R1)
Created - April 17, 2023 at 19:02
Goals
|
| Maple Leafs |
0 |
0 |
1 |
1 |
| Flyers |
0 |
2 |
1 |
3 |
|
Shots
|
| Maple Leafs |
11 |
11 |
14 |
36 |
| Flyers |
14 |
11 |
15 |
40 |
|
1st period
No Goal
Penalties :
Andre Burakovsky (TOR) for Tripping (Minor) at 6:46, Tomas Kubalik (Phi) for Roughing (Minor) at 10:53
2nd period
1. Flyers , Drew Miller 15 (Marcus Kruger 25, Nathan Beaulieu 26) at 2:47 (PP)
2. Flyers , Max Pacioretty 30 (Jakub Voracek 24, Jordan Nolan 42) at 10:31
Penalties :
Brayden Schenn (TOR) for Hooking (Minor) at 1:45, Matt Smaby (Phi) for Roughing (Minor) at 7:21, Niclas Bergfors (Phi) for Hooking (Minor) at 13:15
3rd period
3. Maple Leafs , Patrice Cormier 8 (Tye McGinn 21, John Klingberg 44) at 3:04
4. Flyers , Marcus Kruger 25 (Jeff Carter 27, Jacob Trouba 26) at 6:34 (PP)
Penalties :
Braydon Coburn (TOR) for Cross-checking (Minor) at 5:51, Jeff Carter (Phi) for Hooking (Minor) at 14:41
Goalie Stats
Kristers Gudlevskis (TOR), 37 saves from 40 shots - (0.925), L, 29-16-3, 60:00 minutes
Ilya Sorokin (Phi), 35 saves from 36 shots - (0.972), W, 6-9-5, 60:00 minutes
Players Stats for Maple Leafs
Player Name G A P +/- PIM S H SB GA TA FO MP PP MP PK MP
------------------------------------------------------------------------------------
Andre Burakovsky 0 0 0 0 2 2 0 0 2 0 0/0 17:58 2:48 0:00
Brad Boyes 0 0 0 1 0 2 1 1 1 0 0/0 12:06 0:34 0:00
Brandon Saad 0 0 0 0 0 2 0 0 1 0 0/0 8:21 0:03 0:25
Brayden Schenn 0 0 0 -1 2 1 0 0 0 0 14/34 20:58 4:34 1:27
Braydon Coburn 0 0 0 0 2 1 1 2 1 0 0/0 18:42 3:27 0:48
Claude Giroux 0 0 0 -1 0 2 0 0 0 1 0/0 21:45 4:34 2:29
Elias Pettersson 0 0 0 0 0 3 1 0 2 0 6/12 18:11 2:45 0:40
Haydn Fleury 0 0 0 0 0 1 0 1 0 0 0/0 13:18 0:00 0:16
Jason Zucker 0 0 0 0 0 1 1 0 0 0 1/1 17:34 2:48 0:00
John Klingberg 0 1 1 0 0 3 1 3 0 1 0/0 27:59 4:29 2:40
Jon Merrill 0 0 0 0 0 3 0 1 1 0 0/0 27:59 4:29 2:40
Luke Adam 0 0 0 0 0 2 1 0 0 0 2/4 6:50 0:00 0:00
Matt Duchene 0 0 0 -1 0 5 2 0 0 0 0/1 19:21 4:34 0:00
Neal Pionk 0 0 0 0 0 2 1 0 0 0 0/0 13:02 0:00 0:00
Patrice Cormier 1 0 1 1 0 1 1 0 0 0 3/4 11:49 0:00 0:50
Pontus Aberg 0 0 0 0 0 2 0 0 0 0 1/1 7:44 0:34 0:00
Tye McGinn 0 1 1 1 0 2 2 0 1 0 2/4 13:37 0:34 1:37
Zach Werenski 0 0 0 0 0 1 2 0 0 0 0/0 18:59 3:27 1:04
Players Stats for Flyers
Player Name G A P +/- PIM S H SB GA TA FO MP PP MP PK MP
------------------------------------------------------------------------------------
Brian Lashoff 0 0 0 1 0 3 0 0 0 2 0/0 20:11 1:09 2:37
Brock Nelson 0 0 0 -1 0 1 0 0 0 0 0/0 9:50 0:00 1:40
Calle Jarnkrok 0 0 0 -1 0 0 2 0 0 0 0/3 9:08 0:00 1:01
Drew Miller 1 0 1 0 0 4 0 0 1 1 1/1 14:23 1:27 0:39
Jacob Trouba 0 1 1 -1 0 2 4 1 0 2 0/0 28:34 2:35 5:06
Jake Dotchin 0 0 0 0 0 1 0 0 0 0 0/0 12:13 0:00 0:47
Jakub Voracek 0 1 1 1 0 6 0 0 0 0 0/0 23:22 2:17 3:46
Jeff Carter 0 1 1 0 2 1 1 0 0 0 5/11 15:24 1:27 1:38
Jonathan Ericsson 0 0 0 0 0 1 0 0 0 0 0/0 11:15 0:00 0:13
Jordan Nolan 0 1 1 1 0 4 2 1 0 0 19/30 23:18 2:12 3:45
Marcus Kruger 1 1 2 0 0 4 0 1 0 0 1/2 13:52 1:27 0:00
Matt Smaby 0 0 0 1 2 2 2 1 0 1 0/0 19:15 1:09 2:03
Max Pacioretty 1 0 1 1 0 2 1 0 1 1 4/9 20:54 2:12 1:44
Nathan Beaulieu 0 1 1 -1 0 1 0 3 0 1 0/0 28:34 2:35 5:06
Nick Ritchie 0 0 0 0 0 4 0 1 0 1 0/1 12:05 0:00 1:39
Niclas Bergfors 0 0 0 0 2 2 0 0 0 0 0/1 10:37 0:05 0:00
Tomas Kubalik 0 0 0 -1 2 2 0 0 0 0 0/0 8:23 0:00 0:00
Travis Zajac 0 0 0 0 0 0 2 0 0 0 2/3 10:42 0:05 0:00
3 Stars
1 - Ilya Sorokin (Phi)
2 - Marcus Kruger (Phi)
3 - Max Pacioretty (Phi)
Power Play
Maple Leafs - 0 on 4 Attempt(s) - 0.00%
Flyers - 2 on 3 Attempt(s) - 66.67%
Penalty Kill
Maple Leafs - 1 on 3 Attempt(s) - 33.33%
- Score 0 goal in Penalty Kill
Flyers - 4 on 4 Attempt(s) - 100.00%
- Score 0 goal in Penalty Kill
Team Stat
Maple Leafs - Hits : 14 - Faceoff Wins : 29 - Blocked Shots : 8 - Penalty Minutes : 6
Flyers - Hits : 14 - Faceoff Wins : 32 - Blocked Shots : 8 - Penalty Minutes : 8
Official
Referees : Justin St. Pierre and Peter MacDougall
Linesman : Travis Toomey and Tony Sericolo
Game Notes
No Game Note
Finance
Level 1 -- Attendance: 6000 (100.00%) -- Ticket Income $600,000
Level 2 -- Attendance: 5000 (100.00%) -- Ticket Income $300,000
Level 3 -- Attendance: 1939 (96.95%) -- Ticket Income $67,865
Level 4 -- Attendance: 4000 (100.00%) -- Ticket Income $100,000
Luxury Box -- Attendance: 1000 (100.00%) -- Ticket Income $200,000
Game was played at the Wells Fargo Center.
Total Attendance: 17939 (99.66%)
Total Ticket Income: $1,267,865
Other Income: $190,180
Total Income: $1,458,045
Maple Leafs
5 vs 5 Forward
Center Left Wing Right Wing Time % Phy DF OF
1 Brayden Schenn Claude Giroux Matt Duchene 40 0 2 3
2 Elias Pettersson Jason Zucker Andre Burakovsky 30 1 2 2
3 Patrice Cormier Tye McGinn Brad Boyes 20 1 2 2
4 Luke Adam Brandon Saad Pontus Aberg 10 1 2 2
5 vs 5 Defense
Defense Defense Time % Phy DF OF
1 Jon Merrill John Klingberg 40 1 3 1
2 Braydon Coburn Zach Werenski 30 1 3 1
3 Haydn Fleury Neal Pionk 20 1 3 1
4 Jon Merrill John Klingberg 10 1 3 1
PowerPlay Forward
Center Left Wing Right Wing Time % Phy DF OF
1 Brayden Schenn Claude Giroux Matt Duchene 60 0 4 1
2 Elias Pettersson Jason Zucker Andre Burakovsky 40 0 4 1
PowerPlay Defense
Defense Defense Time % Phy DF OF
1 Jon Merrill John Klingberg 60 0 2 3
2 Braydon Coburn Zach Werenski 40 0 2 3
Penalty Kill 4 Players Forward
Center Wing Time % Phy DF OF
1 Brayden Schenn Claude Giroux 60 1 2 2
2 Patrice Cormier Tye McGinn 40 1 2 2
Penalty Kill 4 Players Defense
Defense Defense Time % Phy DF OF
1 Jon Merrill John Klingberg 60 1 3 1
2 Braydon Coburn Zach Werenski 40 1 3 1
Penalty Kill - 3 Players Forward
Forward Time % Phy DF OF
1 Brayden Schenn 60 1 3 1
2 Patrice Cormier 40 1 3 1
Penalty Kill - 3 Players Defense
Defense Defense Time % Phy DF OF
1 Jon Merrill John Klingberg 60 1 3 1
2 Braydon Coburn Zach Werenski 40 1 3 1
4 vs 4 Forward
Center Wing Time % Phy DF OF
1 Brayden Schenn Claude Giroux 60 1 2 2
2 Patrice Cormier Matt Duchene 40 1 2 2
4 vs 4 Defense
Defense Defense Time % Phy DF OF
1 Jon Merrill John Klingberg 60 1 3 1
2 Braydon Coburn Zach Werenski 40 1 3 1
Last Minutes Offensive
Center Left Wing Right Wing Defense Defense
Brayden Schenn Claude Giroux Matt Duchene Jon Merrill John Klingberg
Last Minutes Defensive
Center Left Wing Right Wing Defense Defense
Brayden Schenn Claude Giroux Matt Duchene Jon Merrill John Klingberg
Goaltenders
Starting : Kristers Gudlevskis
Backup : Martin Jones
Extra Forwards
Normal : Tye McGinn, Brad Boyes, Brandon Saad - PP : Tye McGinn, Brad Boyes - PK : Tye McGinn
Extra Defensemen
Normal : Zach Werenski, Haydn Fleury, Neal Pionk - PP : Zach Werenski - PK : Zach Werenski, Haydn Fleury
Penalty Shots
Claude Giroux, Matt Duchene, Brayden Schenn, Andre Burakovsky, Jason Zucker
Scratches
Bo Horvat (Strained Right Knee Injury), Brayden McNabb (Healthy), Dana Tyrell (Healthy)
Flyers
5 vs 5 Forward
Center Left Wing Right Wing Time % Phy DF OF
1 Jordan Nolan Max Pacioretty Jakub Voracek 40 1 2 2
2 Jeff Carter Drew Miller Marcus Kruger 30 1 2 2
3 Travis Zajac Nick Ritchie Niclas Bergfors 20 1 2 2
4 Calle Jarnkrok Brock Nelson Tomas Kubalik 10 1 2 2
5 vs 5 Defense
Defense Defense Time % Phy DF OF
1 Jacob Trouba Nathan Beaulieu 40 1 2 2
2 Brian Lashoff Matt Smaby 30 1 2 2
3 Jonathan Ericsson Jake Dotchin 20 1 2 2
4 Jacob Trouba Nathan Beaulieu 10 1 2 2
PowerPlay Forward
Center Left Wing Right Wing Time % Phy DF OF
1 Jordan Nolan Max Pacioretty Jakub Voracek 60 1 2 2
2 Jeff Carter Drew Miller Marcus Kruger 40 1 2 2
PowerPlay Defense
Defense Defense Time % Phy DF OF
1 Jacob Trouba Nathan Beaulieu 60 1 2 2
2 Brian Lashoff Matt Smaby 40 1 2 2
Penalty Kill 4 Players Forward
Center Wing Time % Phy DF OF
1 Jordan Nolan Jakub Voracek 60 1 2 2
2 Max Pacioretty Jeff Carter 40 1 2 2
Penalty Kill 4 Players Defense
Defense Defense Time % Phy DF OF
1 Jacob Trouba Nathan Beaulieu 60 1 2 2
2 Brian Lashoff Matt Smaby 40 1 2 2
Penalty Kill - 3 Players Forward
Forward Time % Phy DF OF
1 Jordan Nolan 60 1 2 2
2 Jakub Voracek 40 1 2 2
Penalty Kill - 3 Players Defense
Defense Defense Time % Phy DF OF
1 Jacob Trouba Nathan Beaulieu 60 1 2 2
2 Brian Lashoff Matt Smaby 40 1 2 2
4 vs 4 Forward
Center Wing Time % Phy DF OF
1 Jordan Nolan Jakub Voracek 60 1 2 2
2 Max Pacioretty Jeff Carter 40 1 2 2
4 vs 4 Defense
Defense Defense Time % Phy DF OF
1 Jacob Trouba Nathan Beaulieu 60 1 2 2
2 Brian Lashoff Matt Smaby 40 1 2 2
Last Minutes Offensive
Center Left Wing Right Wing Defense Defense
Jordan Nolan Max Pacioretty Jakub Voracek Jacob Trouba Nathan Beaulieu
Last Minutes Defensive
Center Left Wing Right Wing Defense Defense
Jordan Nolan Max Pacioretty Jakub Voracek Jacob Trouba Nathan Beaulieu
Goaltenders
Starting : Ilya Sorokin
Backup : Steve Mason
Extra Forwards
Normal : Travis Zajac, Niclas Bergfors, Nick Ritchie - PP : Travis Zajac, Niclas Bergfors - PK : Nick Ritchie
Extra Defensemen
Normal : Jonathan Ericsson, Jake Dotchin, Brian Lashoff - PP : Jonathan Ericsson - PK : Jake Dotchin, Brian Lashoff
Penalty Shots
Jordan Nolan, Jakub Voracek, Max Pacioretty, Jeff Carter, Travis Zajac
Scratches
Travis Konecny (Healthy)
% Time on Ice - Maple Leafs
Lines # - Real PCT - Wanted PCT - Time Play
Normal Forward
1 - 30% - 40% - 14:34
2 - 34% - 30% - 16:22
3 - 22% - 20% - 10:34
4 - 14% - 10% - 6:50
Normal Defense
1 - 40% - 40% - 19:15
2 - 30% - 30% - 14:28
3 - 27% - 20% - 13:02
4 - 3% - 10% - 1:35
PP Forward
1 - 64% - 60% - 5:05
2 - 36% - 40% - 2:51
PP Defense
1 - 57% - 60% - 4:29
2 - 43% - 40% - 3:27
PK Forward
1 - 78% - 60% - 2:54
2 - 22% - 40% - 0:50
PK Defense
1 - 71% - 60% - 2:40
2 - 29% - 40% - 1:04
PK3 Forward
1 - 0% - 60%
2 - 0% - 40%
PK3 Defense
1 - 0% - 60%
2 - 0% - 40%
44 Forward
1 - 0% - 60%
2 - 0% - 40%
44 Defense
1 - 0% - 60%
2 - 0% - 40%
Last Minute Offensive - 0:00
Last Minute Defensive - 0:00
Total
Forward - 60:00
Defense - 60:00
|
% Time on Ice - Flyers
Lines # - Real PCT - Wanted PCT - Time Play
Normal Forward
1 - 37% - 40% - 17:55
2 - 26% - 30% - 12:20
3 - 21% - 20% - 10:06
4 - 17% - 10% - 7:59
Normal Defense
1 - 39% - 40% - 18:55
2 - 34% - 30% - 16:25
3 - 23% - 20% - 11:01
4 - 4% - 10% - 1:59
PP Forward
1 - 61% - 60% - 2:17
2 - 39% - 40% - 1:27
PP Defense
1 - 69% - 60% - 2:35
2 - 31% - 40% - 1:09
PK Forward
1 - 75% - 60% - 5:55
2 - 25% - 40% - 2:01
PK Defense
1 - 67% - 60% - 5:19
2 - 33% - 40% - 2:37
PK3 Forward
1 - 0% - 60%
2 - 0% - 40%
PK3 Defense
1 - 0% - 60%
2 - 0% - 40%
44 Forward
1 - 0% - 60%
2 - 0% - 40%
44 Defense
1 - 0% - 60%
2 - 0% - 40%
Last Minute Offensive - 0:00
Last Minute Defensive - 0:00
Total
Forward - 60:00
Defense - 60:00
|
Play-by-Play
1st period
0:01 of 1st period - Brayden Schenn wins face-off versus Jordan Nolan in neutral zone.
0:17 of 1st period - Wrist shot by Matt Duchene.
0:17 of 1st period - Shot Blocked by Jacob Trouba.
0:46 of 1st period - Icing by Zach Werenski.
0:47 of 1st period - Patrice Cormier wins face-off versus Niclas Bergfors in Maple Leafs zone.
0:57 of 1st period - Icing by Brad Boyes.
0:58 of 1st period - Patrice Cormier wins face-off versus Calle Jarnkrok in Maple Leafs zone.
1:27 of 1st period - Snap shot by Tye McGinn.
1:27 of 1st period - Stopped by Ilya Sorokin without a rebound.
1:28 of 1st period - Brayden Schenn wins face-off versus Max Pacioretty in Flyers zone.
1:31 of 1st period - Slapshot by Claude Giroux.
1:31 of 1st period - Shot Blocked by Matt Smaby.
1:55 of 1st period - Haydn Fleury is hit by Jordan Nolan and loses puck.
2:06 of 1st period - Snap shot by Max Pacioretty.
2:06 of 1st period - Stopped by Kristers Gudlevskis with a rebound.
2:08 of 1st period - Snap shot by Brian Lashoff.
2:08 of 1st period - Stopped by Kristers Gudlevskis without a rebound.
2:09 of 1st period - Jeff Carter wins face-off versus Elias Pettersson in Maple Leafs zone.
3:08 of 1st period - Wrist shot by Tomas Kubalik.
3:08 of 1st period - Stopped by Kristers Gudlevskis with a rebound.
3:41 of 1st period - Icing by Jason Zucker.
3:42 of 1st period - Jeff Carter wins face-off versus Elias Pettersson in Maple Leafs zone.
4:29 of 1st period - Snap shot by Jordan Nolan.
4:29 of 1st period - Stopped by Kristers Gudlevskis without a rebound.
4:30 of 1st period - Luke Adam wins face-off versus Jordan Nolan in Maple Leafs zone.
4:30 of 1st period - Luke Adam is hit by Jacob Trouba.
4:38 of 1st period - Slapshot by Max Pacioretty.
4:38 of 1st period - Shot Misses the Net.
4:56 of 1st period - Luke Adam is hit by Jacob Trouba and loses puck.
5:03 of 1st period - Snap shot by Nick Ritchie.
5:03 of 1st period - Shot Misses the Net.
5:05 of 1st period - Slapshot by Nick Ritchie.
5:05 of 1st period - Stopped by Kristers Gudlevskis with a rebound.
5:07 of 1st period - Wrist shot by Nick Ritchie.
5:07 of 1st period - Stopped by Kristers Gudlevskis with a rebound.
5:25 of 1st period - Wrist shot by Matt Duchene.
5:25 of 1st period - Stopped by Ilya Sorokin with a rebound.
5:27 of 1st period - Slapshot by Haydn Fleury.
5:27 of 1st period - Stopped by Ilya Sorokin with a rebound.
6:22 of 1st period - Travis Zajac is hit by Zach Werenski and loses puck.
6:27 of 1st period - Wrist shot by Claude Giroux.
6:27 of 1st period - Stopped by Ilya Sorokin without a rebound.
6:28 of 1st period - Brayden Schenn wins face-off versus Marcus Kruger in Flyers zone.
6:41 of 1st period - Wrist shot by Marcus Kruger.
6:41 of 1st period - Stopped by Kristers Gudlevskis with a rebound.
6:43 of 1st period - Snap shot by Matt Smaby.
6:43 of 1st period - Stopped by Kristers Gudlevskis without a rebound.
6:44 of 1st period - Elias Pettersson wins face-off versus Max Pacioretty in Maple Leafs zone.
6:46 of 1st period - Minor Penalty to Andre Burakovsky for Tripping.
6:47 of 1st period - Jordan Nolan wins face-off versus Brayden Schenn in Maple Leafs zone.
8:46 of 1st period - Penalty to Andre Burakovsky is over, Andre Burakovsky is back on ice.
9:05 of 1st period - Patrice Cormier is hit by Jacob Trouba and loses puck.
9:20 of 1st period - Slapshot by Brandon Saad.
9:20 of 1st period - Stopped by Ilya Sorokin with a rebound.
9:22 of 1st period - Slapshot by John Klingberg.
9:22 of 1st period - Stopped by Ilya Sorokin with a rebound.
9:24 of 1st period - Snap shot by Brandon Saad.
9:24 of 1st period - Stopped by Ilya Sorokin without a rebound.
9:25 of 1st period - Travis Zajac wins face-off versus Brayden Schenn in Flyers zone.
10:53 of 1st period - Minor Penalty to Tomas Kubalik for Roughing.
10:54 of 1st period - Jordan Nolan wins face-off versus Brayden Schenn in Flyers zone.
12:53 of 1st period - Penalty to Tomas Kubalik is over, Tomas Kubalik is back on ice.
13:05 of 1st period - Wrist shot by Jordan Nolan.
13:05 of 1st period - Stopped by Kristers Gudlevskis with a rebound.
13:13 of 1st period - Snap shot by Jon Merrill.
13:13 of 1st period - Deflect By Brad Boyes.
13:13 of 1st period - Stopped by Ilya Sorokin with a rebound.
13:43 of 1st period - Niclas Bergfors is hit by Patrice Cormier and loses puck.
13:54 of 1st period - Brian Lashoff is hit by Braydon Coburn and loses puck.
14:07 of 1st period - Snap shot by Calle Jarnkrok.
14:07 of 1st period - Shot Blocked by John Klingberg.
15:02 of 1st period - Nathan Beaulieu is hit by Luke Adam.
15:28 of 1st period - Wrist shot by Jordan Nolan.
15:28 of 1st period - Shot Blocked by Brad Boyes.
15:42 of 1st period - Patrice Cormier is hit by Travis Zajac and loses puck.
15:55 of 1st period - Brayden Schenn is hit by Calle Jarnkrok and loses puck.
16:02 of 1st period - Calle Jarnkrok is hit by Zach Werenski and loses puck.
16:15 of 1st period - Slapshot by Jeff Carter.
16:15 of 1st period - Deflect By Marcus Kruger.
16:15 of 1st period - Shot Blocked by John Klingberg.
16:15 of 1st period - Puck is out of play.
16:16 of 1st period - Drew Miller wins face-off versus Luke Adam in Maple Leafs zone.
16:44 of 1st period - Icing by Claude Giroux.
16:45 of 1st period - Jordan Nolan wins face-off versus Brayden Schenn in Maple Leafs zone.
16:48 of 1st period - Snap shot by Jakub Voracek.
16:48 of 1st period - Stopped by Kristers Gudlevskis with a rebound.
16:50 of 1st period - Snap shot by Matt Smaby.
16:50 of 1st period - Deflect By Matt Duchene.
16:50 of 1st period - Stopped by Kristers Gudlevskis with a rebound.
17:08 of 1st period - Snap shot by Jordan Nolan.
17:08 of 1st period - Stopped by Kristers Gudlevskis without a rebound.
17:09 of 1st period - Jeff Carter wins face-off versus Elias Pettersson in Maple Leafs zone.
17:12 of 1st period - Wrist shot by Marcus Kruger.
17:12 of 1st period - Shot Blocked by Jon Merrill.
17:14 of 1st period - Snap shot by Drew Miller.
17:14 of 1st period - Stopped by Kristers Gudlevskis with a rebound.
18:04 of 1st period - Slapshot by Tye McGinn.
18:04 of 1st period - Stopped by Ilya Sorokin with a rebound.
18:06 of 1st period - Snap shot by Tye McGinn.
18:06 of 1st period - Shot Misses the Net.
19:31 of 1st period - Jake Dotchin is hit by Tye McGinn and loses puck.
19:49 of 1st period - Snap shot by Andre Burakovsky.
19:49 of 1st period - Deflect By Elias Pettersson.
19:49 of 1st period - Stopped by Ilya Sorokin with a rebound.
19:51 of 1st period - Wrist shot by Elias Pettersson.
19:51 of 1st period - Deflect By Andre Burakovsky.
19:51 of 1st period - Stopped by Ilya Sorokin without a rebound.
19:52 of 1st period - Jeff Carter wins face-off versus Brayden Schenn in Flyers zone.
19:59 of 1st period - Wrist shot by Marcus Kruger.
19:59 of 1st period - Stopped by Kristers Gudlevskis with a rebound.
Goals for this period are 0 for Maple Leafs vs 0 for Flyers.
Shots for this period are 11 for Maple Leafs vs 14 for Flyers.
2nd period
0:01 of 2nd period - Jordan Nolan wins face-off versus Brayden Schenn in neutral zone.
0:28 of 2nd period - Snap shot by Andre Burakovsky.
0:28 of 2nd period - Shot Blocked by Marcus Kruger.
0:34 of 2nd period - Snap shot by Jeff Carter.
0:34 of 2nd period - Stopped by Kristers Gudlevskis with a rebound.
0:50 of 2nd period - Wrist shot by Brock Nelson.
0:50 of 2nd period - Stopped by Kristers Gudlevskis with a rebound.
1:22 of 2nd period - Snap shot by Matt Duchene.
1:22 of 2nd period - Stopped by Ilya Sorokin without a rebound.
1:23 of 2nd period - Brayden Schenn wins face-off versus Jordan Nolan in Flyers zone.
1:45 of 2nd period - Minor Penalty to Brayden Schenn for Hooking.
1:46 of 2nd period - Jordan Nolan wins face-off versus Tye McGinn in Maple Leafs zone.
1:54 of 2nd period - Snap shot by Max Pacioretty.
1:54 of 2nd period - Shot Blocked by John Klingberg.
1:56 of 2nd period - Snap shot by Jakub Voracek.
1:56 of 2nd period - Shot Misses the Net.
1:58 of 2nd period - Wrist shot by Nathan Beaulieu.
1:58 of 2nd period - Deflect By Jordan Nolan.
1:58 of 2nd period - Shot Misses the Net.
1:58 of 2nd period - Puck is out of play.
1:59 of 2nd period - Jordan Nolan wins face-off versus Tye McGinn in Maple Leafs zone.
2:10 of 2nd period - Wrist shot by Jakub Voracek.
2:10 of 2nd period - Stopped by Kristers Gudlevskis without a rebound.
2:11 of 2nd period - Tye McGinn wins face-off versus Jordan Nolan in Maple Leafs zone.
2:47 of 2nd period - Wrist shot by Drew Miller.
2:47 of 2nd period - Goal by Drew Miller - Maple Leafs : 0 - Flyers : 1.
2:48 of 2nd period - Max Pacioretty wins face-off versus Elias Pettersson in neutral zone.
3:49 of 2nd period - Slapshot by Tye McGinn.
3:49 of 2nd period - Shot Blocked by Nick Ritchie.
4:53 of 2nd period - Claude Giroux is hit by Calle Jarnkrok and loses puck.
5:38 of 2nd period - Jeff Carter is hit by Matt Duchene and loses puck.
5:51 of 2nd period - Snap shot by Matt Duchene.
5:51 of 2nd period - Stopped by Ilya Sorokin without a rebound.
5:52 of 2nd period - Jordan Nolan wins face-off versus Elias Pettersson in Flyers zone.
6:51 of 2nd period - Snap shot by Luke Adam.
6:51 of 2nd period - Stopped by Ilya Sorokin with a rebound.
6:53 of 2nd period - Snap shot by Pontus Aberg.
6:53 of 2nd period - Shot Misses the Net.
6:55 of 2nd period - Slapshot by Pontus Aberg.
6:55 of 2nd period - Stopped by Ilya Sorokin with a rebound.
6:57 of 2nd period - Slapshot by Neal Pionk.
6:57 of 2nd period - Stopped by Ilya Sorokin without a rebound.
6:58 of 2nd period - Elias Pettersson wins face-off versus Max Pacioretty in Flyers zone.
7:21 of 2nd period - Minor Penalty to Matt Smaby for Roughing.
7:22 of 2nd period - Brayden Schenn wins face-off versus Jordan Nolan in Flyers zone.
7:25 of 2nd period - Wrist shot by Matt Duchene.
7:25 of 2nd period - Shot Misses the Net.
7:27 of 2nd period - Slapshot by Jon Merrill.
7:27 of 2nd period - Stopped by Ilya Sorokin without a rebound.
7:28 of 2nd period - Brayden Schenn wins face-off versus Jordan Nolan in Flyers zone.
7:33 of 2nd period - Snap shot by Claude Giroux.
7:33 of 2nd period - Shot Misses the Net.
7:35 of 2nd period - Wrist shot by Brayden Schenn.
7:35 of 2nd period - Stopped by Ilya Sorokin without a rebound.
7:36 of 2nd period - Jordan Nolan wins face-off versus Matt Duchene in Flyers zone.
7:52 of 2nd period - Off-side.
7:53 of 2nd period - Jordan Nolan wins face-off versus Brayden Schenn in neutral zone.
7:57 of 2nd period - Off-side.
7:58 of 2nd period - Jordan Nolan wins face-off versus Brayden Schenn in neutral zone.
8:41 of 2nd period - Wrist shot by Andre Burakovsky.
8:41 of 2nd period - Deflect By Elias Pettersson.
8:41 of 2nd period - Shot Misses the Net.
8:41 of 2nd period - Puck is out of play.
8:42 of 2nd period - Elias Pettersson wins face-off versus Jordan Nolan in Flyers zone.
9:21 of 2nd period - Penalty to Matt Smaby is over, Matt Smaby is back on ice.
9:39 of 2nd period - Slapshot by Nick Ritchie.
9:39 of 2nd period - Stopped by Kristers Gudlevskis with a rebound.
9:41 of 2nd period - Slapshot by Brian Lashoff.
9:41 of 2nd period - Stopped by Kristers Gudlevskis with a rebound.
9:53 of 2nd period - Slapshot by John Klingberg.
9:53 of 2nd period - Stopped by Ilya Sorokin without a rebound.
9:54 of 2nd period - Luke Adam wins face-off versus Jeff Carter in Flyers zone.
10:05 of 2nd period - Slapshot by Luke Adam.
10:05 of 2nd period - Stopped by Ilya Sorokin with a rebound.
10:21 of 2nd period - Wrist shot by Jordan Nolan.
10:21 of 2nd period - Stopped by Kristers Gudlevskis without a rebound.
10:22 of 2nd period - Jordan Nolan wins face-off versus Brayden Schenn in Maple Leafs zone.
10:29 of 2nd period - Wrist shot by Jakub Voracek.
10:29 of 2nd period - Shot Misses the Net.
10:31 of 2nd period - Snap shot by Max Pacioretty.
10:31 of 2nd period - Goal by Max Pacioretty - Maple Leafs : 0 - Flyers : 2.
10:32 of 2nd period - Brayden Schenn wins face-off versus Jordan Nolan in neutral zone.
10:35 of 2nd period - Slapshot by Jon Merrill.
10:35 of 2nd period - Stopped by Ilya Sorokin without a rebound.
10:36 of 2nd period - Brayden Schenn wins face-off versus Jordan Nolan in Flyers zone.
10:43 of 2nd period - Wrist shot by Matt Duchene.
10:43 of 2nd period - Stopped by Ilya Sorokin without a rebound.
10:44 of 2nd period - Max Pacioretty wins face-off versus Brayden Schenn in Flyers zone.
12:10 of 2nd period - Snap shot by Brock Nelson.
12:10 of 2nd period - Shot Misses the Net.
13:00 of 2nd period - Snap shot by Brad Boyes.
13:00 of 2nd period - Shot Misses the Net.
13:15 of 2nd period - Minor Penalty to Niclas Bergfors for Hooking.
13:16 of 2nd period - Jordan Nolan wins face-off versus Brayden Schenn in Flyers zone.
13:16 of 2nd period - Jordan Nolan is hit by Matt Duchene.
15:15 of 2nd period - Penalty to Niclas Bergfors is over, Niclas Bergfors is back on ice.
15:37 of 2nd period - Slapshot by Brad Boyes.
15:37 of 2nd period - Shot Misses the Net.
16:35 of 2nd period - Slapshot by Tomas Kubalik.
16:35 of 2nd period - Stopped by Kristers Gudlevskis without a rebound.
16:36 of 2nd period - Marcus Kruger wins face-off versus Luke Adam in Maple Leafs zone.
16:39 of 2nd period - Slapshot by Jeff Carter.
16:39 of 2nd period - Shot Hit the Post.
17:23 of 2nd period - Wrist shot by Travis Zajac.
17:23 of 2nd period - Shot Misses the Net.
18:47 of 2nd period - Snap shot by Nick Ritchie.
18:47 of 2nd period - Stopped by Kristers Gudlevskis with a rebound.
19:35 of 2nd period - Wrist shot by Jordan Nolan.
19:35 of 2nd period - Shot Misses the Net.
19:37 of 2nd period - Snap shot by Jakub Voracek.
19:37 of 2nd period - Stopped by Kristers Gudlevskis without a rebound.
19:38 of 2nd period - Jordan Nolan wins face-off versus Brayden Schenn in Maple Leafs zone.
Goals for this period are 0 for Maple Leafs vs 2 for Flyers.
Shots for this period are 11 for Maple Leafs vs 11 for Flyers.
3rd period
0:01 of 3rd period - Jordan Nolan wins face-off versus Brayden Schenn in neutral zone.
0:35 of 3rd period - Snap shot by Marcus Kruger.
0:35 of 3rd period - Stopped by Kristers Gudlevskis with a rebound.
0:37 of 3rd period - Slapshot by Jacob Trouba.
0:37 of 3rd period - Stopped by Kristers Gudlevskis without a rebound.
0:38 of 3rd period - Jeff Carter wins face-off versus Elias Pettersson in Maple Leafs zone.
1:26 of 3rd period - Niclas Bergfors is hit by Brad Boyes and loses puck.
1:45 of 3rd period - Snap shot by Elias Pettersson.
1:45 of 3rd period - Stopped by Ilya Sorokin with a rebound.
1:47 of 3rd period - Wrist shot by Andre Burakovsky.
1:47 of 3rd period - Stopped by Ilya Sorokin without a rebound.
1:48 of 3rd period - Elias Pettersson wins face-off versus Calle Jarnkrok in Flyers zone.
1:59 of 3rd period - Wrist shot by Jason Zucker.
1:59 of 3rd period - Stopped by Ilya Sorokin with a rebound.
2:01 of 3rd period - Snap shot by Jason Zucker.
2:01 of 3rd period - Shot Blocked by Nathan Beaulieu.
2:03 of 3rd period - Slapshot by Jon Merrill.
2:03 of 3rd period - Stopped by Ilya Sorokin with a rebound.
2:05 of 3rd period - Snap shot by John Klingberg.
2:05 of 3rd period - Stopped by Ilya Sorokin with a rebound.
3:02 of 3rd period - Slapshot by Tye McGinn.
3:02 of 3rd period - Shot Blocked by Nathan Beaulieu.
3:04 of 3rd period - Snap shot by Patrice Cormier.
3:04 of 3rd period - Goal by Patrice Cormier - Maple Leafs : 1 - Flyers : 2.
3:05 of 3rd period - Jordan Nolan wins face-off versus Brayden Schenn in neutral zone.
3:07 of 3rd period - Off-side.
3:08 of 3rd period - Jordan Nolan wins face-off versus Brayden Schenn in neutral zone.
3:11 of 3rd period - Snap shot by Jakub Voracek.
3:11 of 3rd period - Stopped by Kristers Gudlevskis without a rebound.
3:12 of 3rd period - Jordan Nolan wins face-off versus Brayden Schenn in Maple Leafs zone.
3:35 of 3rd period - Braydon Coburn is hit by Matt Smaby and loses puck.
3:43 of 3rd period - Off-side.
3:44 of 3rd period - Jason Zucker wins face-off versus Jeff Carter in neutral zone.
4:10 of 3rd period - Patrice Cormier is hit by Travis Zajac and loses puck.
4:15 of 3rd period - Wrist shot by Niclas Bergfors.
4:15 of 3rd period - Shot Misses the Net.
4:17 of 3rd period - Slapshot by Jake Dotchin.
4:17 of 3rd period - Deflect By Patrice Cormier.
4:17 of 3rd period - Stopped by Kristers Gudlevskis without a rebound.
4:18 of 3rd period - Max Pacioretty wins face-off versus Brayden Schenn in Maple Leafs zone.
4:25 of 3rd period - Snap shot by Jakub Voracek.
4:25 of 3rd period - Stopped by Kristers Gudlevskis with a rebound.
4:35 of 3rd period - Wrist shot by Jakub Voracek.
4:35 of 3rd period - Stopped by Kristers Gudlevskis without a rebound.
4:36 of 3rd period - Elias Pettersson wins face-off versus Jeff Carter in Maple Leafs zone.
4:44 of 3rd period - Off-side.
4:45 of 3rd period - Elias Pettersson wins face-off versus Jeff Carter in neutral zone.
4:48 of 3rd period - Drew Miller is hit by John Klingberg and loses puck.
5:27 of 3rd period - Slapshot by Drew Miller.
5:27 of 3rd period - Stopped by Kristers Gudlevskis without a rebound.
5:28 of 3rd period - Max Pacioretty wins face-off versus Brayden Schenn in Maple Leafs zone.
5:41 of 3rd period - Snap shot by Max Pacioretty.
5:41 of 3rd period - Shot Blocked by Braydon Coburn.
5:51 of 3rd period - Minor Penalty to Braydon Coburn for Cross-checking.
5:52 of 3rd period - Brayden Schenn wins face-off versus Jordan Nolan in Maple Leafs zone.
6:03 of 3rd period - Wrist shot by Claude Giroux.
6:03 of 3rd period - Stopped by Ilya Sorokin with a rebound.
6:28 of 3rd period - Slapshot by Jacob Trouba.
6:28 of 3rd period - Stopped by Kristers Gudlevskis with a rebound.
6:34 of 3rd period - Snap shot by Marcus Kruger.
6:34 of 3rd period - Goal by Marcus Kruger - Maple Leafs : 1 - Flyers : 3.
6:35 of 3rd period - Jordan Nolan wins face-off versus Brayden Schenn in neutral zone.
6:40 of 3rd period - Slapshot by Brian Lashoff.
6:40 of 3rd period - Shot Misses the Net.
7:02 of 3rd period - Brian Lashoff is hit by Elias Pettersson and loses puck.
7:27 of 3rd period - Snap shot by Niclas Bergfors.
7:27 of 3rd period - Shot Misses the Net.
7:29 of 3rd period - Snap shot by Niclas Bergfors.
7:29 of 3rd period - Stopped by Kristers Gudlevskis without a rebound.
7:30 of 3rd period - Brayden Schenn wins face-off versus Max Pacioretty in Maple Leafs zone.
7:30 of 3rd period - Brayden Schenn is hit by Jordan Nolan.
7:40 of 3rd period - Wrist shot by Zach Werenski.
7:40 of 3rd period - Stopped by Ilya Sorokin with a rebound.
7:42 of 3rd period - Slapshot by Matt Duchene.
7:42 of 3rd period - Shot Misses the Net.
7:44 of 3rd period - Wrist shot by Braydon Coburn.
7:44 of 3rd period - Stopped by Ilya Sorokin with a rebound.
8:23 of 3rd period - Haydn Fleury is hit by Jacob Trouba and loses puck.
8:57 of 3rd period - Slapshot by Neal Pionk.
8:57 of 3rd period - Stopped by Ilya Sorokin without a rebound.
8:58 of 3rd period - Brayden Schenn wins face-off versus Calle Jarnkrok in Flyers zone.
9:05 of 3rd period - Snap shot by Matt Duchene.
9:05 of 3rd period - Shot Misses the Net.
9:57 of 3rd period - Snap shot by Jeff Carter.
9:57 of 3rd period - Shot Blocked by Braydon Coburn.
9:59 of 3rd period - Snap shot by Nathan Beaulieu.
9:59 of 3rd period - Stopped by Kristers Gudlevskis without a rebound.
10:00 of 3rd period - Jordan Nolan wins face-off versus Brayden Schenn in Maple Leafs zone.
10:34 of 3rd period - Jeff Carter is hit by Neal Pionk.
10:38 of 3rd period - Snap shot by Drew Miller.
10:38 of 3rd period - Stopped by Kristers Gudlevskis with a rebound.
11:24 of 3rd period - Slapshot by Pontus Aberg.
11:24 of 3rd period - Stopped by Ilya Sorokin without a rebound.
11:25 of 3rd period - Brayden Schenn wins face-off versus Jordan Nolan in Flyers zone.
11:42 of 3rd period - Slapshot by Claude Giroux.
11:42 of 3rd period - Shot Blocked by Nathan Beaulieu.
12:46 of 3rd period - Wrist shot by Claude Giroux.
12:46 of 3rd period - Shot Misses the Net.
13:02 of 3rd period - Snap shot by Andre Burakovsky.
13:02 of 3rd period - Shot Misses the Net.
13:42 of 3rd period - Jason Zucker is hit by Matt Smaby and loses puck.
13:51 of 3rd period - Max Pacioretty is hit by Jason Zucker and loses puck.
14:04 of 3rd period - Neal Pionk is hit by Max Pacioretty and loses puck.
14:37 of 3rd period - Slapshot by Elias Pettersson.
14:37 of 3rd period - Stopped by Ilya Sorokin without a rebound.
14:38 of 3rd period - Brayden Schenn wins face-off versus Jeff Carter in Flyers zone.
14:39 of 3rd period - Wrist shot by Matt Duchene.
14:39 of 3rd period - Stopped by Ilya Sorokin with a rebound.
14:41 of 3rd period - Minor Penalty to Jeff Carter for Hooking.
14:42 of 3rd period - Brayden Schenn wins face-off versus Nick Ritchie in Flyers zone.
15:31 of 3rd period - Brian Lashoff is hit by Tye McGinn and loses puck.
16:41 of 3rd period - Penalty to Jeff Carter is over, Jeff Carter is back on ice.
16:44 of 3rd period - Slapshot by Brian Lashoff.
16:44 of 3rd period - Stopped by Kristers Gudlevskis with a rebound.
16:46 of 3rd period - Slapshot by Jonathan Ericsson.
16:46 of 3rd period - Stopped by Kristers Gudlevskis without a rebound.
16:47 of 3rd period - Pontus Aberg wins face-off versus Jeff Carter in Maple Leafs zone.
16:47 of 3rd period - Pontus Aberg is hit by Jeff Carter.
17:13 of 3rd period - Slapshot by Nick Ritchie.
17:13 of 3rd period - Shot Misses the Net.
17:15 of 3rd period - Snap shot by Travis Zajac.
17:15 of 3rd period - Shot Misses the Net.
17:42 of 3rd period - Slapshot by Neal Pionk.
17:42 of 3rd period - Shot Blocked by Jordan Nolan.
18:39 of 3rd period - Wrist shot by Max Pacioretty.
18:39 of 3rd period - Shot Blocked by Haydn Fleury.
18:44 of 3rd period - Off-side.
18:45 of 3rd period - Patrice Cormier wins face-off versus Travis Zajac in neutral zone.
18:52 of 3rd period - Snap shot by Brad Boyes.
18:52 of 3rd period - Stopped by Ilya Sorokin without a rebound.
18:53 of 3rd period - Travis Zajac wins face-off versus Patrice Cormier in Flyers zone.
19:08 of 3rd period - Wrist shot by Niclas Bergfors.
19:08 of 3rd period - Stopped by Kristers Gudlevskis without a rebound.
19:09 of 3rd period - Tye McGinn wins face-off versus Max Pacioretty in Maple Leafs zone.
Goals for this period are 1 for Maple Leafs vs 1 for Flyers.
Shots for this period are 14 for Maple Leafs vs 15 for Flyers.